 Dungeon Crawl Stone Soup version 0.27-a0-1188-g73eefd5def (webtiles) character file.

Game seed: 3263103460099201907

154 siradein the Insei (level 5, 0/42 HPs)
             Began as a Vampire Monk on May 21, 2021.
             Slain by a wyvern zombie (9 damage)
             ... on level 4 of the Dungeon.
             The game lasted 00:06:07 (2657 turns).

siradein the Insei (Vampire Monk)                   Turns: 2657, Time: 00:06:08

Health: 0/42       AC:  2    Str: 11    XL:     5   Next: 13%
Magic:  5/5        EV: 13    Int: 12    God:
Gold:   119        SH:  0    Dex: 17    Spells: 4/4 levels left

rFire    . . .     SeeInvis +     - Unarmed
rCold    . . .     Faith    .   (no shield)
rNeg     . . .     Spirit   .   a - +0 robe
rPois    .         Reflect  .   (no helmet)
rElec    .         Harm     .   (no cloak)
rCorr    .         Rampage  .   (no gloves)
Will     .....                  (no boots)
Stlth    ++........             (no amulet)
HPRegen  0.34/turn              (no ring)
MPRegen  0.09/turn              (no ring)

@: healing quickly
A: alive, fangs 3, see invisible, vampiric 2
a: Exsanguinate


You were on level 4 of the Dungeon.
You visited 1 branch of the dungeon, and saw 4 of its levels.

You collected 119 gold pieces.

Inventory:

Missiles
 f - 85 stones (quivered)
Armour
 a - a +0 robe (worn)
Wands
 i - a wand of mindburst (9)
Scrolls
 b - a scroll of enchant armour {unknown}
 d - a scroll of fear {unknown}
 g - a scroll of fog {unknown}
 k - a scroll of teleportation {unknown}
 l - a scroll of blinking {unknown}
Potions
 e - a potion of invisibility
 h - a potion of might
 j - a potion of mutation {unknown}


   Skills:
 + Level 4.2 Fighting
 - Level 3.2 Dodging
 - Level 3.0 Stealth
 + Level 5.1 Unarmed Combat


You had 4 spell levels left.
You didn't know any spells.
Your spell library was empty.

Dungeon Overview and Level Annotations

Branches:
Dungeon (4/15)
 Temple: D:4-7

Altars:

Shops:
D:4 ?


Innate Abilities, Weirdness & Mutations

Your natural rate of healing is accelerated.
You have razor-sharp teeth.
You have supernaturally acute eyesight. (SInv)
You are afflicted with vampirism and can become a bat while bloodless.


Message History

You hit the wyvern zombie but do no damage.
The wyvern zombie is lightly damaged.
The wyvern zombie bites you!
You barely miss the wyvern zombie. You punch the wyvern zombie.
The wyvern zombie is moderately damaged.
The wyvern zombie barely misses you. x2
You hit the wyvern zombie. You bite the wyvern zombie.
The wyvern zombie is heavily damaged.
The wyvern zombie bites you!
You are too injured to fight recklessly!
You are too injured to fight recklessly!
You are too injured to fight recklessly!
You are too injured to fight recklessly!
You barely miss the wyvern zombie.
The wyvern zombie is heavily damaged.
The wyvern zombie misses you.
You hit the wyvern zombie.
The wyvern zombie is heavily damaged.
The wyvern zombie closely misses you.
You hit the wyvern zombie.
You bite the wyvern zombie, but do no damage.
The wyvern zombie is heavily damaged.
The wyvern zombie bites you!
You punch the wyvern zombie!
The wyvern zombie is severely damaged.
The wyvern zombie bites you.
* * * LOW HITPOINT WARNING * * *
The wyvern zombie completely misses you.
You hit the wyvern zombie.
You bite the wyvern zombie, but do no damage.
The wyvern zombie is almost destroyed.
The wyvern zombie misses you.
You barely miss the wyvern zombie.
You bite the wyvern zombie, but do no damage.
The wyvern zombie is almost destroyed.
The wyvern zombie barely misses you.
You barely miss the wyvern zombie.
The wyvern zombie is almost destroyed.
The wyvern zombie bites you!
You die...

## . .. ...
.#.. #Z#.#.#
##..#..# .#
...#.#.. #..#
#..#..###..#.#
#.#....∩......
#.###..#.....
#.Z@.......#
#####<####.#
#.# #.# #..
###


You could see a wyvern zombie.

Vanquished Creatures
  A bullfrog (D:4)
  A gnoll (D:1)
  2 adders (D:2)
  A dart slug (D:3)
  An orc (D:3)
  4 giant cockroaches
  7 hobgoblins
  2 jackals (D:3)
  7 kobolds
  2 quokkas
  6 ball pythons
  4 bats
  3 frilled lizards
  10 goblins
  5 rats
56 creatures vanquished.

Notes
Turn   | Place    | Note
-------+----------+-------------------------------------------
     0 | D:1      | siradein the Vampire Monk began the quest for the Orb.
     0 | D:1      | Reached XP level 1. HP: 17/17 MP: 1/1
    23 | D:1      | Found a faded altar of an unknown god.
   217 | D:1      | Reached XP level 2. HP: 24/24 MP: 2/2
   426 | D:1      | Reached skill level 4 in Unarmed Combat
   798 | D:2      | Gained mutation: You are afflicted with vampirism and can
                  | become a bat while bloodless. [Vampire growth]
   798 | D:2      | Reached XP level 3. HP: 21/29 MP: 3/3
  1679 | D:3      | Reached XP level 4. HP: 36/37 MP: 4/4
  2396 | D:4      | Noticed a bullfrog
  2408 | D:4      | Killed a bullfrog
  2409 | D:4      | Reached skill level 5 in Unarmed Combat
  2409 | D:4      | Reached XP level 5. HP: 28/42 MP: 5/5
  2520 | D:4      | Noticed an ogre
  2633 | D:4      | Found Ylaroock's Magic Scroll Boutique.
  2657 | D:4      | Slain by a wyvern zombie

Illustrated notes

Levels and vault maps discovered:
D:1:      amcnicky_arrival_double_pillar, layout_loops_ring,
          hellmonk_ecumenical_altar_run_dry
D:2:      layout_basic
D:3:      kennysheep_six_static_rooms, layout_loops_ring
D:4:      layout_loops_ring, minmay_temple_entry_sparse_star, serial_shops,
          shop, grunt_decor_one_mirror, chequers_serial_rivers_room_a,
          chequers_serial_rivers_large_a, uniq_blork_the_orc

Skill      XL: |  1  2  3  4 |
---------------+-------------+-----
Fighting       | 3 4 |  4.2
Unarmed Combat | 4 5 |  5.1
Dodging        | |  3.2
Stealth        | |  3.0

Action                   |  1- 3 |  4- 6 || total
-------------------------+-------+-------++-------
Melee: Unarmed           |   129 |    65 ||   194
       Bite              |    10 |    11 ||    21
       Punch             |     3 |     2 ||     5
Throw: Stone             |     2 |     7 ||     9
  Use: Scroll            |       |     3 ||     3
 Stab: Sleeping          |    10 |     6 ||    16
Armor: Robe              |    29 |     9 ||    38
Dodge: Dodged            |    75 |    40 ||   115

Table legend: (Time is in decaauts)
 A = Elapsed time spent in this place.
 B = Non-inter-level travel time spent in this place.
 C = Inter-level travel time spent in this place.
 D = Time resting spent in this place.
 E = Time spent auto-exploring this place.
 F = Levels seen in this place.
 G = Mean time per level.
                   A        B        C        D        E       F      G
               +--------+--------+--------+--------+--------+-----+--------+
         Total |   2643 |   2572 |     71 |     80 |   1921 |   4 |  660.8 |
       Dungeon |   2643 |   2572 |     71 |     80 |   1921 |   4 |  660.8 |
               +--------+--------+--------+--------+--------+-----+--------+

Top non-repeatable levels by time:
     D:3: 866 daAuts
     D:2: 836 daAuts
     D:1: 730 daAuts
     D:4: 211 daAuts
